 Dungeon Crawl Stone Soup version 0.29.1-1-gd02db6906a (webtiles) character file.

Game seed: 5537190808444680070

4 xian the Chucker (level 1, -1/13 HPs)
             Began as a Human Wanderer on Oct 14, 2022.
             Slain by a jackal (3 damage)
             ... on level 1 of the Dungeon.
             The game lasted 00:00:24 (107 turns).

xian the Chucker (Human Wanderer)                    Turns: 107, Time: 00:00:25

Health: -1/13      AC:  3    Str: 10    XL:     1   Next: 77%
Magic:  2/2        EV: 12    Int: 12    God:
Gold:   0          SH:  0    Dex: 14    Spells: 1/2 levels left

rFire   . . .      SeeInvis .   a - +2 dagger
rCold   . . .      Faith    .   (no shield)
rNeg    . . .      Spirit   .   e - +0 robe
rPois   .          Reflect  .   (no helmet)
rElec   .          Harm     .   (no cloak)
rCorr   .          Rampage  .   c - +0 pair of gloves
Will    .....                   (no boots)
Stlth   ++........              (no amulet)
HPRegen 0.04/turn               (no ring)
MPRegen 0.08/turn               (no ring)

@: no status effects
A: no striking features
a: no special abilities


You were on level 1 of the Dungeon.
You visited 1 branch of the dungeon, and saw 1 of its levels.

Inventory:

Hand Weapons
 a - a +2 dagger (weapon)
Missiles
 b - a curare-tipped dart (quivered)
Armour
 c - a +0 pair of gloves (worn)
 e - a +0 robe (worn)
Scrolls
 f - a scroll of amnesia {unknown}
Potions
 d - a potion of curing


   Skills:
 + Level 3.2 Throwing
 + Level 2.0 Dodging
 + Level 3.1 Stealth
 + Level 1.0 Spellcasting
 + Level 1.0 Hexes


You had one spell level left.
You knew the following spells:

 Your Spells              Type           Power      Damage    Failure   Level
a - Slow                  Hex            12%        N/A       21%         1

Your spell library contained the following spells:

 Spells                   Type           Power      Damage    Failure   Level
 Inner Flame              Hex/Fire       1%         N/A       58%         3


Dungeon Overview and Level Annotations

Branches:
Dungeon (1/15)

Altars:


Message History

You kill the endoplasm!
A jackal comes into view.
A jackal comes into view.
A jackal comes into view.
Found a robe.
A jackal comes into view.
The jackal barks! x3
Found a scroll labelled VOLOJE QUERE.
The jackal barks!
The jackal misses you.
You hit the jackal.
The jackal is heavily wounded.
You hit the jackal.
You kill the jackal!
The jackal closely misses you.
The jackal bites you but does no damage.
The jackal closely misses you. x2
The jackal bites you.
You completely miss the jackal. The jackal closely misses you. x2
The jackal misses you. x2; The jackal closely misses you.
The jackal misses you.
You barely miss the jackal. You punch the jackal, but do no damage.
The jackal bites you but does no damage.
The jackal bites you. x2
You hit the jackal.
The jackal is moderately wounded.
The jackal barely misses you. The jackal bites you. x2
* * * LOW HITPOINT WARNING * * *
The jackal bites you but does no damage.
The jackal bites you.
* * * LOW HITPOINT WARNING * * *
The jackal attacks as you move away! The jackal barely misses you.
The jackal attacks as you move away! The jackal misses you.
The jackal barely misses you. The jackal attacks as you move away!
The jackal closely misses you. The jackal attacks as you move away!
The jackal closely misses you. The jackal attacks as you move away!
The jackal barely misses you. The jackal misses you.
The jackal attacks as you move away! The jackal barely misses you.
The jackal bites you.
You die...

#......#
#......##########
####................
#...................
#......†............
#...................
#...................
#...#####...........
#..@#...............
#.hh#.....#####.....
#..h#.....# #.....
#...#.....# #.....
#...#.....# #.....
#####...#.....#
######
..............#
..............#
...#.#........#


You could see 3 jackals.

Vanquished Creatures
  A bat (D:1)
  An endoplasm (D:1)
  A jackal (D:1)
  A rat (D:1)
4 creatures vanquished.

Notes
Turn   | Place    | Note
-------+----------+-------------------------------------------
     0 | D:1      | xian the Human Wanderer began the quest for the Orb.
     0 | D:1      | xian set off with the following items: a +2 dagger, a
                  | curare-tipped dart, a +0 pair of gloves, a potion of
                  | curing, a +0 robe; and the following spell memorised: Slow;
                  | and the following spells available to memorise: Inner
                  | Flame.
     0 | D:1      | Reached XP level 1. HP: 13/13 MP: 2/2
   107 | D:1      | Slain by a jackal

Illustrated notes

Levels and vault maps discovered:
D:1:      reono_arrival_forest_river, layout_basic,
          shapermc_ecumenical_altar_pompeii, hangedman_decor_points

Action                   || total
-------------------------++-------
Melee: Dagger            ||    11
       Punch             ||     1
 Stab: Sleeping          ||     1
Armor: Robe              ||     4
Dodge: Dodged            ||    25
